 Dungeon Crawl Stone Soup version 0.28.0-47-ge53b351184 (webtiles) character file.

Game seed: 2109406506543344842

1152 101zpm the Magician (level 8, -9/55 HPs)
             Began as a Djinni Ice Elementalist on Apr 26, 2022.
             Killed by divine providence
             ... invoked by an orc priest
              (17 damage)
             ... on level 5 of the Dungeon.
             The game lasted 00:16:19 (7056 turns).

101zpm the Magician (Djinni Ice Elementalist)       Turns: 7056, Time: 00:16:20

Health: -9/55      AC: 11    Str:  7    XL:     8   Next: 65%
Gold:   156        EV: 13    Int: 18    God:
                   SH:  0    Dex: 15

rFire   + + .      SeeInvis .   s - +0 war axe (pain)
rCold   x . .      Faith    .   (no shield)
rNeg    . . .      Spirit   .   a - +0 robe
rPois   ∞          Reflect  .   (no helmet)
rElec   .          Harm     .   (no cloak)
rCorr   .          Rampage  .   n - +1 pair of gloves
Will    .....                   (boots unavailable)
Stlth   ++........              (no amulet)
HPRegen 0.18/turn               (no ring)
MPRegen 0.00/turn               (no ring)

@: ice-armoured, flying
A: sickness immunity, fire resistance 2, cold vulnerability 1, float, innate
caster, HP casting, extra vitality 1
a: no special abilities


You were on level 5 of the Dungeon.
You visited 1 branch of the dungeon, and saw 6 of its levels.

You collected 156 gold pieces.

Inventory:

Hand Weapons
 s - a +0 war axe of pain (weapon)
Armour
 a - a +0 robe (worn)
 n - a +1 pair of gloves (worn)
 t - a +2 leather armour of cold resistance
Jewellery
 j - a ring of wizardry
 o - a ring of protection from fire
 v - a ring of fire
 x - a ring of wizardry
Scrolls
 c - a scroll of amnesia {unknown}
 d - 2 scrolls of fear {unknown}
 e - 3 scrolls of identify {unknown}
 f - 2 scrolls of magic mapping {unknown}
 g - a scroll of vulnerability {unknown}
 h - 2 scrolls of noise {unknown}
 i - a scroll of holy word {unknown}
 l - a scroll of acquirement {unknown}
 m - 2 scrolls of silence {unknown}
 q - a scroll of brand weapon {unknown}
 r - a scroll of blinking {unknown}
Potions
 b - 6 potions of curing {unknown}
 k - a potion of invisibility {unknown}
 p - a potion of might {unknown}
 u - 3 potions of heal wounds {unknown}
 w - a potion of lignification {unknown}
 z - a potion of flight {unknown}
 A - 2 potions of ambrosia {unknown}


   Skills:
 + Level 2.3 Fighting
 + Level 3.0 Axes
 + Level 4.0 Dodging
 + Level 2.5 Stealth
 + Level 0.9 Unarmed Combat
 + Level 6.5 Spellcasting


You had 3 spell levels left.
You knew the following spells:

 Your Spells              Type           Power      Damage    Failure   Level
a - Freeze                Ice            100%       1d11      1%          1
b - Frozen Ramparts       Ice            58%        1d7       2%          3
c - Ozocubu's Armour      Ice            29%        N/A       2%          3
d - Hailstorm             Conj/Ice       29%        3d8       8%          4
e - Sandblast             Erth           58%        2d13      1%          1
f - Wereblood             Tmut           29%        N/A       1%          2
g - Teleport Other        Tloc           29%        N/A       2%          3
Your spell library was empty.

Dungeon Overview and Level Annotations

Branches:
Dungeon (6/15)
 Temple: D:4-7

Altars:
Dithmenos

Annotations:
D:3 2 runed translucent doors, Omnilove's ghost, amateur OpTm
D:5 exclusion: oklob sapling


Innate Abilities, Weirdness & Mutations

You are immune to sickness and miasma.
You are immune to poison.
Your flesh is very heat resistant. (rF++)
You are vulnerable to cold. (rC-)
You float through the air rather than walking.
You learn spells naturally, not from books.
Your magical power is your life essence.
You have superior vitality. (+4 MHP)


Message History

Okay, then.
Casting: Frozen Ramparts (dangerous; 2% risk of failure)
Confirm with . or Enter, or press ? or * to list all spells.
Casting: Frozen Ramparts (dangerous; 2% risk of failure)
Press: ? - help, Dir - look around, f - activate The walls around you are covered in ice.
The wall freezes the hound.
The hound misses you.
The bullfrog zombie hits you but does no damage.
The wall freezes the hound.
The hound closely misses you.
You slash the hound!
You kill the hound!
You hit the bullfrog zombie. The bullfrog zombie misses you.
The orc priest invokes the aid of Beogh against you.
Beogh smites you!
* * * LOW HITPOINT WARNING * * *
The bullfrog zombie closely misses you.
Your Axes skill increases to level 3!
Your Dodging skill increases to level 4!
You hit the bullfrog zombie but do no damage.
The bullfrog zombie is moderately damaged.
The bullfrog zombie hits you but does no damage.
The bullfrog zombie barely misses you.
You hit the bullfrog zombie.
The bullfrog zombie is moderately damaged.
The bullfrog zombie hits you but does no damage.
You slash the bullfrog zombie!
The bullfrog zombie is severely damaged.
The bullfrog zombie barely misses you.
The bullfrog zombie hits you but does no damage.
You barely miss the bullfrog zombie.
The bullfrog zombie is severely damaged.
The bullfrog zombie hits you but does no damage.
The bullfrog zombie misses you.
You hit the bullfrog zombie.
The bullfrog zombie is almost destroyed.
The frozen ramparts melt away.
The bullfrog zombie hits you but does no damage.
The orc priest mumbles some strange prayers to Beogh against you.
Beogh smites you!
You die...

.....##...........##########.
..... #......<...........
....# #..........#########
.#. #.#........#........ #
#..........#........ .
#......)..#........ #
#.........#........ #
#.........#o.......
#.......Z@#........ #
#........)))o...... #
##........#........ .
##.......######### ##.####..
#. #.. # #.. ##..


You could see an orc priest and a bullfrog zombie.

Vanquished Creatures
  Grinder (D:5)
  A water moccasin (D:6)
  A necrophage (D:4)
  An ogre (D:5)
  A centaur (D:4)
  A water moccasin zombie (D:5)
  A scorpion (D:5)
  A howler monkey (D:5)
  2 hounds
  A jelly (D:5)
  A centaur skeleton (D:4)
  A bullfrog skeleton (D:5)
  2 iguanas
  4 orc wizards
  3 gnolls (D:3)
  3 adders
  An ufetubus (D:2)
  2 worms (D:3)
  17 orcs
  6 ball pythons
  5 bats
  8 endoplasms
  3 giant cockroaches
  5 goblins
  6 hobgoblins
  4 jackals
  6 kobolds
  2 quokkas (D:1)
  4 frilled lizards
  8 rats
102 creatures vanquished.

Vanquished Creatures (others)
  50 plants (D:5)
50 creatures vanquished.

Grand Total: 152 creatures vanquished

Notes
Turn   | Place    | Note
-------+----------+-------------------------------------------
     0 | D:1      | 101zpm the Djinni Ice Elementalist began the quest for the
                  | Orb.
     0 | D:1      | Reached XP level 1. HP: 15/15 MP: 0/0
   268 | D:1      | Reached XP level 2. HP: 18/21 MP: 0/0
   873 | D:1      | Reached XP level 3. HP: 23/25 MP: 0/0
   873 | D:1      | Learned a level 1 spell: Sandblast
  1202 | D:1      | Found a faded altar of an unknown god.
  1665 | D:2      | Reached skill level 4 in Spellcasting
  1827 | D:2      | Reached XP level 4. HP: 25/31 MP: 0/0
  3096 | D:3      | Found a large runed translucent door.
  3128 | D:3      | Reached XP level 5. HP: 34/35 MP: 0/0
  3128 | D:3      | Learned a level 2 spell: Wereblood
  3139 | D:3      | Found a large runed translucent door.
  3141 | D:3      | Noticed Omnilove's ghost (amateur OpTm)
  5072 | D:4      | Noticed a centaur
  5079 | D:4      | Reached skill level 5 in Spellcasting
  5079 | D:4      | Reached XP level 6. HP: 17/41 MP: 0/0
  5450 | D:4      | Noticed a necrophage
  5462 | D:4      | Killed a necrophage
  5463 | D:4      | Reached XP level 7. HP: 32/46 MP: 0/0
  5463 | D:4      | Learned a level 3 spell: Teleport Other
  5582 | D:4      | Reached skill level 1 in Fighting
  5647 | D:4      | You are sucked into a shaft and drop 2 floors!
  5685 | D:6      | Noticed a water moccasin
  5694 | D:6      | Killed a water moccasin
  5695 | D:6      | Reached skill level 1 in Axes
  5719 | D:5      | Entered Level 5 of the Dungeon
  5952 | D:5      | Noticed Grinder
  5987 | D:5      | Paralysed by Grinder for 2 turns
  5990 | D:5      | Killed Grinder
  5991 | D:5      | Reached skill level 6 in Spellcasting
  5991 | D:5      | Reached XP level 8. HP: 12/53 MP: 0/0
  6712 | D:5      | Found a shadowy altar of Dithmenos.
  7056 | D:5      | Killed from afar by an orc priest

Illustrated notes

Levels and vault maps discovered:
D:1:      mainiacjoe_arrival_reflecting_pool, layout_loops_ring,
          chequers_ecumenical_altar_lobes
D:2:      layout_loops_ring, minmay_vboxes
D:3:      layout_basic, ebering_ghost_disaster_area
D:4:      layout_layer_cave, serial_shops, nicolae_shop_trees,
          hangedman_decor_growths
D:5:      layout_rooms, mainiacjoe_overflow_small_starburst,
          minmay_temple_entry_oklob, serial_bayou, serial_bayou_pond_e,
          serial_bayou_pond_b, serial_bayou_lagoon_a, serial_bayou_pond_d,
          minivault_25, minivault_25, uniq_grinder
D:6:      layout_loops_cross

Skill      XL: |  1  2  3  4  5  6  7  8 |
---------------+-------------------------+-----
Spellcasting   | 4 5 6 |  6.5
Stealth        | 2 |  2.5
Dodging        | 3 4 |  4.0
Fighting       | 1 2 |  2.3
Axes           | 2 3 |  3.0
Unarmed Combat | |  0.9

Action                   |  1- 3 |  4- 6 |  7- 9 || total
-------------------------+-------+-------+-------++-------
Melee: Unarmed           |     4 |    13 |       ||    17
       War axe           |       |     8 |    76 ||    84
 Cast: Freeze            |    54 |    71 |       ||   125
       Frozen Ramparts   |       |    10 |    19 ||    29
       Ozocubu's Armour  |       |     5 |    13 ||    18
       Hailstorm         |       |     2 |     3 ||     5
       Wereblood         |       |     2 |     4 ||     6
       Teleport Other    |       |       |     1 ||     1
 Stab: Sleeping          |       |     1 |     1 ||     2
       Distracted        |       |       |     1 ||     1
Armor: Robe              |     8 |    50 |    29 ||    87
Dodge: Dodged            |    42 |    80 |    60 ||   182
